 Dungeon Crawl Stone Soup version 0.30-a0-867-g305f33218d (webtiles) character file.

Game seed: 17869822636643548946

451 retardedninja the Covered (level 7, -7/44 HPs)
             Began as a Gargoyle Fighter on Mar 10, 2023.
             Mangled by a water moccasin (8 damage)
             ... on level 4 of the Dungeon.
             The game lasted 00:05:09 (3409 turns).

retardedninja the Covered (Gargoyle Fighter)        Turns: 3409, Time: 00:05:10

Health: -7/44      AC: 11    Str: 18 (20) XL:     7   Next: 4%
Magic:  7/7        EV:  9    Int: 10 (13) God:
Gold:   112        SH:  6    Dex:  5 (6)  Spells: 6/6 levels left

rFire   . . .      SeeInvis .    a - +0 flail
rCold   . . .      Faith    .    o - +2 buckler
rNeg    + . .      Spirit   .    b - +0 scale mail
rPois   ∞          Reflect  .    l - +0 helmet
rElec   +          Rampage  .    (no cloak)
rCorr   .                        (no gloves)
Will    .....                    n - +0 pair of boots Stlth
                                 (no amulet)
HPRegen 0.27/turn                (no ring)
MPRegen 0.10/turn                (no ring)

@: no status effects
A: sickness immunity, AC +4, negative energy resistance 1, electricity
resistance, torment resistance 1, petrification resistance, clever 1, clumsy 1,
deformed body
a: no special abilities


You were on level 4 of the Dungeon.
You visited 1 branch of the dungeon, and saw 4 of its levels.

You collected 112 gold pieces.

Inventory:

Hand Weapons
 a - a +0 flail (weapon)
Armour
 b - a +0 scale mail (worn)
 l - a +0 helmet (worn)
 n - a +0 pair of boots (worn)
 o - a +2 buckler (worn)
Jewellery
 q - the ring "Bialerhu" {rElec rC+ rCorr AC+4 Dex-5}
   (You found it on level 3 of the Dungeon)

   [ring of protection]

   AC:        It affects your AC (+4).
   Dex:       It affects your dexterity (-5).
   rC:        It protects you from cold.
   rElec:     It insulates you from electricity.
   rCorr:     It protects you from acid and corrosion.
Wands
 c - a wand of flame (21)
Scrolls
 d - a scroll of silence {unknown}
 f - 2 scrolls of teleportation {unknown}
 g - a scroll of acquirement {unknown}
 i - 3 scrolls of magic mapping {unknown}
 j - 2 scrolls of identify {unknown}
 p - a scroll of enchant armour {unknown}


   Skills:
 + Level 5.0 Fighting
 + Level 4.0 Maces & Flails
 + Level 5.1 Armour
 + Level 5.1 Shields


You had 6 spell levels left.
You didn't know any spells.
Your spell library contained the following spells:

 Spells                   Type           Power      Damage    Failure   Level
 Vhi's Electric Charge    Tloc/Air       0%         N/A       99%         3
 Anguish                  Hex/Necr       0%         N/A       100%        4
 Arcjolt                  Conj/Air       0%         1d10      100%        5
 Enfeeble                 Hex            0%         N/A       100%        7
 Maxwell's Capacitive Co  Air            0%         ∞         100%        8


Dungeon Overview and Level Annotations

Branches:
Dungeon (4/15)
 Temple: D:4-7

Altars:
Okawaru

Annotations:
D:4 1 transporter, jimonade's ghost, amateur DjWr


Innate Abilities, Weirdness & Mutations

You are immune to sickness and miasma.
Your stone body is resilient. (AC +4)
You are immune to poison.
You resist negative energy. (rN+)
You are resistant to electric shocks. (rElec)
You are resistant to unholy torment.
You are immune to petrification.
Your mind is acute. (Int +4, Str/Dex -1)
You are clumsy. (Dex -2)
Armour fits poorly on your strangely shaped body.


Message History

You barely miss the water moccasin.
The water moccasin is moderately wounded.
You block the water moccasin's attack. The adder closely misses you.
The goblin closely misses you. The water moccasin bites you.
You miss the water moccasin.
The water moccasin is moderately wounded.
The adder barely misses you. The water moccasin bites you.
The goblin hits you but does no damage. You block the adder's attack.
You block the water moccasin's attack.
You thump the water moccasin!
The water moccasin is severely wounded.
The adder closely misses you. You block the goblin's attack.
The water moccasin bites you.
* * * LOW HITPOINT WARNING * * *
You block the adder's attack. The goblin hits you but does no damage.
You miss the water moccasin.
The water moccasin is heavily wounded.
The water moccasin bites you but does no damage.
The adder barely misses you. You block the water moccasin's attack.
The goblin hits you with a +3 dagger of freezing.
* * * LOW HITPOINT WARNING * * *
The goblin freezes you.
* * * LOW HITPOINT WARNING * * *
You closely miss the water moccasin.
The water moccasin is heavily wounded.
The adder closely misses you. The water moccasin bites you!
* * * LOW HITPOINT WARNING * * *
The goblin misses you. The adder closely misses you.
You block the water moccasin's attack.
It was a potion of mutation.
You feel extremely strange.
Your body twists and deforms.
You feel clumsy.
You feel clever. The adder bites you but does no damage.
The water moccasin bites you.
* * * LOW HITPOINT WARNING * * *
The goblin hits you but does no damage.
It was a potion of degeneration.
There was something very wrong with that liquid.
You feel weakened.
You feel dopey.
You feel clumsy. You block the water moccasin's attack.
You block the adder's attack. The goblin barely misses you.
The water moccasin bites you!
You die...

..............###...##..
..............#####..#..
####...............#....
.#.........#######......
............# #####...#.
...........###.....###.
#............#######.
##..g..............#
#..@S)...#########.>
........S....# #########
........................
...###.....###..........
>. ##...## ########## .
...### ###.# #.#


You could see a water moccasin, an adder and a goblin.

Vanquished Creatures
  Edmund (D:4)
  A black bear (D:4)
  A hound (D:4)
  An iguana (D:4)
  Natasha (twice) (D:4)
  2 gnolls (D:1)
  4 adders
  A worm (D:2)
  4 dart slugs
  An orc (D:2)
  16 endoplasms
  4 giant cockroaches
  8 goblins
  5 hobgoblins
  10 kobolds
  3 quokkas
  5 ball pythons
  5 bats
  A frilled lizard (D:2)
  7 rats
82 creatures vanquished.

Notes
Turn   | Place    | Note
-------+----------+-------------------------------------------
     0 | D:1      | retardedninja the Gargoyle Fighter began the quest for the
                  | Orb.
     0 | D:1      | Reached XP level 1. HP: 14/14 MP: 1/1
    27 | D:1      | Reached XP level 2. HP: 19/19 MP: 2/2
   240 | D:1      | Reached XP level 3. HP: 23/23 MP: 3/3
   569 | D:1      | You fall into a shaft and drop 1 floor!
   643 | D:2      | Reached XP level 4. HP: 29/29 MP: 4/4
  1676 | D:2      | Found a faded altar of an unknown god.
  1985 | D:3      | Reached XP level 5. HP: 33/33 MP: 5/5
  2425 | D:3      | Identified the ring "Bialerhu" {rElec rC+ rCorr AC+4 Dex-5}
  2847 | D:4      | Found a transporter.
  2849 | D:4      | Noticed jimonade's ghost (amateur DjWr)
  2891 | D:4      | Noticed Natasha
  2898 | D:4      | Killed Natasha
  2943 | D:4      | Found an iron altar of Okawaru.
  2946 | D:4      | Noticed Natasha
  2957 | D:4      | Killed Natasha
  2958 | D:4      | Reached XP level 6. HP: 15/39 MP: 6/6
  3085 | D:4      | Noticed a black bear
  3101 | D:4      | Killed a black bear
  3359 | D:4      | Noticed Edmund
  3360 | D:4      | Noticed a water moccasin
  3399 | D:4      | Killed Edmund
  3400 | D:4      | Reached skill level 5 in Fighting
  3400 | D:4      | Reached skill level 5 in Armour
  3400 | D:4      | Reached skill level 5 in Shields
  3400 | D:4      | Reached XP level 7. HP: 29/44 MP: 7/7
  3407 | D:4      | HP: 1/44 [water moccasin (7)]
  3408 | D:4      | Gained mutation: Armour fits poorly on your strangely
                  | shaped body. [potion of mutation]
  3408 | D:4      | Gained mutation: You are clumsy. (Dex -2) [potion of
                  | mutation]
  3408 | D:4      | Gained mutation: Your mind is acute. (Int +4, Str/Dex -1)
                  | [potion of mutation]
  3409 | D:4      | Mangled by a water moccasin

Illustrated notes

Levels and vault maps discovered:
D:1:      denvon_arrival_waterhouse, layout_rooms
D:2:      layout_loops_ring, nicolae_ecumenical_lake_church,
          grunt_decor_fettered
D:3:      layout_loops_corners, serial_rivers, chequers_serial_rivers_micro_c,
          chequers_serial_rivers_large_a, chequers_serial_rivers_micro_d,
          chequers_serial_rivers_micro_d, chequers_serial_rivers_micro_d
D:4:      layout_rooms, okawaru_ov_weapons_minmay, nicolae_tso_carved_into_rock,
          gammafunk_ghost_arena, uniq_edmund, uniq_natasha

Skill      XL: |  1  2  3  4  5  6 |
---------------+-------------------+-----
Armour         | 4 5 |  5.1
Shields        | 4 5 |  5.1
Fighting       | 4 5 |  5.0
Maces & Flails | 3 4 |  4.0

Action                     |  1- 3 |  4- 6 |  7- 9 || total
---------------------------+-------+-------+-------++-------
  Melee: Flail             |   132 |   214 |     6 ||   352
    Use: Potion            |       |     9 |     2 ||    11
 Armour: Scale mail        |   103 |   155 |    10 ||   268
  Dodge: Dodged            |    71 |   124 |    11 ||   206
  Block: Buckler           |    44 |   110 |    10 ||   164

Table legend: (Time is in decaauts)
 A = Elapsed time spent in this place.
 B = Non-inter-level travel time spent in this place.
 C = Inter-level travel time spent in this place.
 D = Time resting spent in this place.
 E = Time spent auto-exploring this place.
 F = Levels seen in this place.
 G = Mean time per level.
                   A        B        C        D        E       F      G
               +--------+--------+--------+--------+--------+-----+--------+
         Total |   3529 |   3416 |    113 |    748 |   1893 |   4 |  882.2 |
       Dungeon |   3529 |   3416 |    113 |    748 |   1893 |   4 |  882.2 |
               +--------+--------+--------+--------+--------+-----+--------+

Top non-repeatable levels by time:
     D:2: 1153 daAuts
     D:3: 986 daAuts
     D:1: 798 daAuts
     D:4: 591 daAuts
